 Dungeon Crawl Stone Soup version 0.23-a0-33-g1e3a2e4e2f (webtiles) character file.

244 Bapho the Poker (level 5, -1/47 HPs)
             Began as a Draconian Monk on Aug 5, 2018.
             Killed from afar by an orc wizard (5 damage)
             ... with a magic dart
             ... on level 4 of the Dungeon.
             The game lasted 00:07:06 (4993 turns).

Bapho the Poker (Draconian Monk)                    Turns: 4993, Time: 00:07:07

Health: -1/47      AC:  7    Str: 17    XL:     5   Next: 83%
Magic:  5/5        EV: 14    Int: 10    God:
Gold:   166        SH:  0    Dex: 14    Spells: 4/4 levels left

rFire    . . .     SeeInvis .   h - +0 trident
rCold    . . .     Gourm    .   (no shield)
rNeg     . . .     Faith    .   (armour unavailable)
rPois    .         Spirit   .   (helmet restricted)
rElec    .         Reflect  .   (no cloak)
rCorr    .         Harm     .   (no gloves)
MR       .....                  c - +0 pair of boots (curse)
Stlth    ++........             (no amulet)
HPRegen  0.15/turn              (no ring)
MPRegen  0.09/turn              (no ring)

@: mighty, slowed, very slow
A: unfitting armour, hooves 1, shaggy fur 1, weak 1, cold-blooded, AC +5
a: no special abilities


You were on level 4 of the Dungeon.
You were not hungry.

You visited 1 branch of the dungeon, and saw 4 of its levels.

You collected 166 gold pieces.

Inventory:

Hand Weapons
 a - a +0 spear
 h - a +0 trident (weapon)
Missiles
 e - 181 stones (quivered)
Armour
 c - a cursed +0 pair of boots (worn)
Jewellery
 k - a cursed -5 ring of dexterity {unknown}
Wands
 o - a wand of flame (36)
 q - a wand of digging (19)
Scrolls
 g - 2 scrolls of remove curse {unknown}
 i - a scroll of fear {unknown}
 j - a scroll of amnesia {unknown}
 l - a scroll of enchant armour {unknown}
 p - a scroll of identify {unknown}
Potions
 f - 3 potions of lignification
 n - a potion of curing
Comestibles
 b - 6 rations
 d - 5 chunks of flesh


   Skills:
 + Level 4.5 Fighting
 * Level 5.1 Polearms
 - Level 0.1 Throwing
 + Level 3.7 Dodging
 - Level 1.9 Stealth


You had 4 spell levels left.
You didn't know any spells.
Your spell library was empty.

Dungeon Overview and Level Annotations

Branches:
Dungeon (4/15)
 Temple: D:4-7

Altars:
Trog

Annotations:
D:2 Terence


Innate Abilities, Weirdness & Mutations

Your plain brown scales are hard. (AC +5)
You cannot fit into any form of body armour.
You are cold-blooded and may be slowed by cold attacks.
You have large cloven feet.
You are covered in fur. (AC +1)
You are weak. (Str -2)


Message History

The orc wizard casts a spell.
The orc wizard blinks!
The orc wizard gestures at you while chanting.
The magic dart hits you!
* * * LOW HITPOINT WARNING * * *
Items here: ! ( ) [ † a dagger; a robe; a potion of heal wounds; a stone; an orc corpse The orc wizard mumbles some strange words.
The orc wizard blinks!
The orc wizard hits you with a dagger.
* * * LOW HITPOINT WARNING * * *
You see here 2 chunks of flesh.
You closely miss the orc wizard. You tail-slap the orc wizard!
The orc wizard is heavily wounded.
The orc wizard gestures at you while chanting.
The magic dart hits you!
* * * LOW HITPOINT WARNING * * *
The orc wizard points at you and mumbles some strange words.
The magic dart hits you!
You die...

... ... #(# #o# #(#
#.# #.####)#
#......##.#####
#####.@.......#
#o###.###.#
##.###.###.#
##..##...##.#####
#...............#
##..##...##.###<#
#......)...# #.#
#.##...[.### #.#
#...##...######.####


You could see an orc wizard and an orc.

Vanquished Creatures
  2 orc wizards (D:4)
  A worker ant (D:4)
  7 adders
  2 oozes (D:3)
  2 worms (D:2)
  A dart slug (D:1)
  2 leopard geckos
  7 orcs
  5 goblins
  8 hobgoblins
  10 jackals
  6 kobolds
  A quokka (D:3)
  A ball python (D:1)
  9 bats
  8 frilled lizards
  9 rats
81 creatures vanquished.

Notes
Turn   | Place    | Note
-------+----------+-------------------------------------------
     0 | D:1      | Bapho the Draconian Monk began the quest for the Orb.
     0 | D:1      | Reached XP level 1. HP: 19/19 MP: 1/1
   260 | D:1      | Reached XP level 2. HP: 24/26 MP: 2/2
  1124 | D:2      | Reached XP level 3. HP: 28/31 MP: 3/3
  1702 | D:2      | Found a bloodstained altar of Trog.
  2267 | D:2      | Reached skill level 4 in Polearms
  2300 | D:2      | Noticed Terence
  3172 | D:3      | Reached XP level 4. HP: 40/40 MP: 4/4
  3854 | D:3      | Gained mutation: You are covered in fur. (AC +1) [potion of mutation]
  3854 | D:3      | Gained mutation: You occasionally shout uncontrollably at your foes. [potion of mutation]
  3854 | D:3      | Gained mutation: You can translocate small distances at will. [potion of mutation]
  3860 | D:3      | Lost mutation: You occasionally shout uncontrollably at your foes. [potion of mutation]
  3860 | D:3      | Lost mutation: You can translocate small distances at will. [potion of mutation]
  3860 | D:3      | Gained mutation: You are dopey. (Int -2) [potion of mutation]
  3860 | D:3      | Gained mutation: You are agile. (Dex +2) [potion of mutation]
  4596 | D:4      | Reached XP level 5. HP: 43/46 MP: 5/5
  4883 | D:4      | Lost mutation: You are agile. (Dex +2) [potion of mutation]
  4883 | D:4      | Lost mutation: You are dopey. (Int -2) [potion of mutation]
  4883 | D:4      | Gained mutation: You are weak. (Str -2) [potion of mutation]
  4883 | D:4      | Gained mutation: You have large cloven feet. [potion of mutation]
  4979 | D:4      | Reached skill level 5 in Polearms
  4993 | D:4      | Killed from afar by an orc wizard

Vault maps used:
D:1:      lemuel_arrival_river_ford, minmay_misc_feat_four_crosses
D:2:      kennysheep_minor_cross, trog_three_pillars_becter, uniq_terence
D:3:      minmay_wonky_spiral, first_ration, minivault_23, hex_intersection

Skill      XL: |  1  2  3  4  5 |
---------------+----------------+-----
Dodging        | 3 |  3.7
Polearms       | 4 5 |  5.1
Fighting       | 4 |  4.5
Throwing       | |  0.1
Stealth        | |  1.9

Action                   |  1- 3 |  4- 6 || total
-------------------------+-------+-------++-------
Melee: Spear             |   160 |   150 ||   310
       Tailslap          |    13 |    20 ||    33
       Trident           |       |    78 ||    78
Throw: Stone             |    77 |    51 ||   128
  Use: Potion            |       |     7 ||     7
 Stab: Sleeping          |       |     1 ||     1
  Eat: Chunk             |     7 |     6 ||    13
Armor: Skin              |    26 |    67 ||    93
Dodge: Dodged            |    80 |   130 ||   210

Table legend:
 A = Spawn XP
 B = Non-spawn XP
 C = Spawn XP percentage of total XP
 D = Spawn monster count
 E = Non-spawn monster count
 F = Spawn count percentage of total count
 G = Total turns spent on level
                    A         B        C        D         E        F      G
               +---------+---------+-------+---------+---------+-------+---------
         Total |       0 |     349 |   0.0 |       0 |      81 |   0.0 |  4993
               +---------+---------+-------+---------+---------+-------+---------
           D:1 |       0 |      39 |   0.0 |       0 |      24 |   0.0 |  1081
           D:2 |       0 |      51 |   0.0 |       0 |      12 |   0.0 |  1691
           D:3 |       0 |     100 |   0.0 |       0 |      31 |   0.0 |  1819
           D:4 |       0 |     159 |   0.0 |       0 |      14 |   0.0 |   402
               +---------+---------+-------+---------+---------+-------+---------
